 Dungeon Crawl Stone Soup version 0.32-a0-931-g5a2cda0630 (webtiles) character file.

Game seed: 5791366350401175926

3855 champdelmundo the Thrower (level 9, -4/84 HPs)
             Began as a Troll Brigand on Apr 13, 2024.
             Was a Follower of Uskayaw.
             Slain by a killer bee (5 damage)
             ... on level 8 of the Dungeon.
             The game lasted 00:38:35 (6290 turns).

champdelmundo the Thrower (Troll Brigand)           Turns: 6290, Time: 00:38:36

Health: -4/84      AC: 15    Str: 25    XL:     9   Next: 99%
Magic:  11/11      EV:  9    Int:  7    God:    Uskayaw [*.....]
Gold:   233        SH:  0    Dex: 11    Spells: 8/8 levels left

rFire   . . .        p - +4 mace (drain)
rCold   . . .        (no shield)
rNeg    . . .        i - +0 acid dragon scales
rPois   .            M - +2 hat
rElec   .            c - +0 cloak
rCorr   +            (gloves unavailable)
SInv    .            (boots unavailable)
Will    .....        l - amulet of regeneration
Stlth   +            m - +4 ring of protection
HPRegen 1.94/turn    N - ring of flight
MPRegen 0.12/turn

%: no passive effects
@: lethally poisoned (-4 -> -7), flying
A: large, unfitting armour, claws 3, regeneration 1, shaggy fur 1, tough skin 1
a: Renounce Religion, Stomp


You were on level 8 of the Dungeon.
You worshipped Uskayaw.
Uskayaw was noncommittal.
You visited 1 branch of the dungeon, and saw 9 of its levels.

You collected 401 gold pieces.
You spent 168 gold pieces at shops.

Inventory:

Hand Weapons
 f - the +3 dagger "Uweqots" {flame, +Blink rN+ Int+6}
   (You found it on level 7 of the Dungeon)

   Int+6:     It affects your intelligence (+6).
   rN+:       It protects you from negative energy.
   +Blink:    It lets you blink.
 h - a +0 orcbow
 j - a +4 hand axe of freezing
 p - a +4 mace of draining (weapon)
 P - a +3 halberd
Missiles
 b - 20 stones
 d - 17 poisoned darts
 e - 3 curare-tipped darts
 w - 3 silver javelins
 y - 2 boomerangs (quivered)
Armour
 c - a +0 cloak (worn)
 i - +0 acid dragon scales (worn)
 u - a +2 robe
 M - a +2 hat (worn)
Jewellery
 l - an amulet of regeneration (around neck)
 m - a +4 ring of protection (left claw)
 F - a ring of ice
 K - a ring of resist corrosion
 N - a ring of flight (right claw)
Wands
 q - a wand of flame (6)
 G - a wand of mindburst (30)
 R - a wand of charming (4)
 S - a wand of roots (8)
Scrolls
 a - a scroll of summoning {unknown}
 g - 2 scrolls of fear {unknown}
 o - 3 scrolls of amnesia
 B - a scroll of vulnerability {unknown}
 C - a scroll of blinking {unknown}
 E - 2 scrolls of enchant armour
 J - 6 scrolls of teleportation
 L - a scroll of noise {unknown}
 Q - a scroll of enchant weapon
Potions
 k - a potion of enlightenment {unknown}
 n - a potion of haste {unknown}
 r - 4 potions of curing
 s - a potion of might
 t - a potion of cancellation
 A - 2 potions of mutation {unknown}
 D - 2 potions of attraction {unknown}
 H - a potion of ambrosia {unknown}
 I - a potion of invisibility {unknown}


   Skills:
 - Level 4.0 Fighting
 - Level 1.5 Short Blades
 - Level 4.0 Maces & Flails
 + Level 9.8 Throwing
 - Level 4.0 Dodging
 - Level 2.1 Stealth
 - Level 0.8 Unarmed Combat
 - Level 5.0 Invocations


You had 8 spell levels left.
You didn't know any spells.
Your spell library contained the following spells:

 Spells                   Type           Power      Damage    Failure   Level
 Apportation              Tloc           0%         N/A       50%         1
 Summon Small Mammal      Summ           0%         N/A       50%         1
 Jinxbite                 Hex            0%         N/A       65%         2
 Call Canine Familiar     Summ           0%         N/A       86%         3
 Passwall                 Erth           0%         N/A       86%         3
 Sigil of Binding         Hex            0%         N/A       86%         3
 Volatile Blastmotes      Fire/Tloc      0%         2d10      86%         3
 Dimensional Bullseye     Hex/Tloc       0%         N/A       99%         4
 Summon Blazeheart Golem  Fire/Summ      0%         N/A       99%         4
 Vhi's Electric Charge    Tloc/Air       0%         N/A       99%         4
 Alistair's Intoxication  Alch           0%         N/A       100%        5
 Bombard                  Conj/Erth      0%         9d1       100%        6


Dungeon Overview and Level Annotations

Branches:
Dungeon (9/15)             Temple (0/1) D:5
   Lair: D:8-11         Orc: D:9-12

Altars:
Fedhas
Hepliaklqana
Kikubaaqudgha
Ru
Sif Muna
Trog
Uskayaw

Shops:
D:1 *   D:3 *   D:5 [   D:6 (

Annotations:
D:5 Prince Ribbit


Innate Abilities, Weirdness & Mutations

You are too large for most types of armour.
You have claws for hands.
Your natural rate of healing is unusually fast.
You are covered in fur. (AC +1)
You have tough skin. (AC +1)


Message History

The killer bee completely misses you. The killer bee stings you.
* * * LOW HITPOINT WARNING * * *
The killer bee stings you.
* * * LOW HITPOINT WARNING * * *
You are more poisoned.
The killer bee poisons you! The killer bee barely misses you.
The killer bee stings you but does no damage.
The killer bee stings you.
* * * LOW HITPOINT WARNING * * *
You are more poisoned.
The killer bee poisons you!
You closely miss the killer bee.
The killer bee is severely wounded.
* * * LOW HITPOINT WARNING * * *
You feel extremely sick. The killer bee closely misses you.
The killer bee stings you.
* * * LOW HITPOINT WARNING * * *
The killer bee barely misses you.
The killer bee stings you but does no damage. x3
The killer bee closely misses you.
The killer bee stings you but does no damage.
You closely miss the killer bee.
The killer bee is heavily wounded.
* * * LOW HITPOINT WARNING * * *
You feel very sick. The killer bee barely misses you.
The killer bee closely misses you. x2
The killer bee stings you but does no damage.
The killer bee barely misses you.
The killer bee stings you but does no damage. x2
You can no longer pass through a line of other dancers.
You closely miss the killer bee.
The killer bee is heavily wounded.
* * * LOW HITPOINT WARNING * * *
You feel very sick. The killer bee stings you.
* * * LOW HITPOINT WARNING * * *
The killer bee stings you but does no damage.
The killer bee stings you.
You die...
Your body falls in perfect tune with the rhythm.

##################
#@y..............#
#yy..........###..
#............# ###
#............#
######............#####
#......................
#.#......#####.........
#.#....#..# #.........
#.#....##.# ##########


You could see 3 killer bees.

Vanquished Creatures
  Maggie (D:7)
  A hornet (D:9)
  Sigmund (D:3)
  Duvessa (D:6)
  3 water moccasins
  3 black bears
  An orc warrior (D:3)
  A centaur (D:7)
  An ogre (D:6)
  A kobold brigand (D:8)
  3 bullfrogs
  15 wights
  Dowan (D:6)
  8 killer bees
  2 howler monkeys (D:8)
  3 jellies
  3 bombardier beetles
  2 hounds
  5 orc priests
  3 iguanas
  Natasha (thrice) (D:3)
  An orc wizard (D:8)
  Robin (D:2)
  2 adders
  2 shadow imps
  2 ufetubi (D:6)
  2 dart slugs
  3 ribbon worms
  17 orcs
  6 ball pythons
  5 bats
  6 endoplasms
  2 giant cockroaches
  11 goblins
  8 hobgoblins
  8 jackals
  8 kobolds
  3 quokkas
  A frilled lizard (D:2)
  4 rats
154 creatures vanquished.

Vanquished Creatures (others)
  A human (D:4)
1 creature vanquished.

Grand Total: 155 creatures vanquished

Notes
Turn   | Place    | Note
-------+----------+-------------------------------------------
     0 | D:1      | champdelmundo the Troll Brigand began the quest for the
                  | Orb.
     0 | D:1      | Reached XP level 1. HP: 19/19 MP: 0/0
    74 | D:1      | Reached skill level 1 in Dodging
   139 | D:1      | Reached skill level 2 in Throwing
   150 | D:1      | Reached XP level 2. HP: 28/28 MP: 1/1
   474 | D:1      | Found Garerotz's General Store.
   607 | D:2      | Noticed Robin
   648 | D:2      | Found a blossoming altar of Fedhas.
   666 | D:1      | Reached XP level 3. HP: 34/35 MP: 2/2
   769 | D:1      | Upgraded the game from 0.32-a0-928-g1cae6b7ea0 to
                  | 0.32-a0-931-g5a2cda0630
   786 | D:2      | Killed Robin
  1018 | D:2      | Reached XP level 4. HP: 35/35 MP: 3/3
  1402 | D:3      | Reached skill level 3 in Throwing
  1418 | D:3      | Noticed Natasha
  1428 | D:3      | Killed Natasha
  1429 | D:3      | Reached XP level 5. HP: 37/49 MP: 4/4
  1453 | D:3      | Noticed Natasha
  1457 | D:3      | Killed Natasha
  1458 | D:3      | Reached skill level 4 in Throwing
  1549 | D:3      | Noticed Sigmund
  1569 | D:3      | Killed Sigmund
  1570 | D:3      | Reached skill level 5 in Throwing
  1570 | D:3      | Reached XP level 6. HP: 47/57 MP: 5/5
  1643 | D:3      | Noticed Natasha
  1644 | D:3      | Noticed an orc warrior
  1678 | D:3      | Killed Natasha
  1815 | D:3      | Found a shimmering blue altar of Sif Muna.
  1845 | D:3      | Found a hide-covered altar of Uskayaw.
  1848 | D:3      | Became a worshipper of Uskayaw the Reveller
  1874 | D:3      | Reached * piety under Uskayaw
  1878 | D:3      | Reached ** piety under Uskayaw
  1880 | D:3      | Killed an orc warrior
  1883 | D:3      | Reached *** piety under Uskayaw
  1911 | D:3      | Found Ressaw Kica's General Store.
  2052 | D:3      | Found a sacrificial altar of Ru.
  2122 | D:4      | Reached skill level 6 in Throwing
  2266 | D:4      | Reached XP level 7. HP: 65/65 MP: 6/6
  2378 | D:4      | Found a bloodstained altar of Trog.
  2586 | D:4      | Found an ancient bone altar of Kikubaaqudgha.
  2588 | D:4      | Noticed a human
  2589 | D:4      | Killed a human
  2633 | D:5      | Entered Level 5 of the Dungeon
  2853 | D:5      | Reached skill level 7 in Throwing
  3056 | D:5      | Found Miept's Antique Armour Shoppe.
  3065 | D:5      | Bought a runed hat for 168 gold pieces
  3347 | D:5      | Found a staircase to the Ecumenical Temple.
  3409 | D:5      | Noticed Prince Ribbit
  3494 | D:6      | Reached skill level 8 in Throwing
  3507 | D:6      | Reached skill level 1 in Invocations
  3507 | D:6      | Reached XP level 8. HP: 72/72 MP: 6/8
  3641 | D:6      | Noticed Duvessa
  3643 | D:6      | Noticed Dowan
  3655 | D:6      | Killed Duvessa
  3669 | D:6      | Reached **** piety under Uskayaw
  3677 | D:6      | Killed Dowan
  3945 | D:6      | Identified the +6 rapier of Qiof Teuwn {freeze, Dex+4}
  4161 | D:6      | Found Humaapt's Antique Weapon Shop.
  4666 | D:7      | Reached skill level 5 in Invocations
  4742 | D:7      | Reached XP level 9. HP: 77/81 MP: 11/11
  5119 | D:7      | Identified the +3 dagger "Uweqots" {flame, +Blink rN+
                  | Int+6}
  5292 | D:7      | Noticed Maggie
  5319 | D:7      | Killed Maggie
  5602 | D:8      | Reached ***** piety under Uskayaw
  6083 | D:8      | Reached skill level 9 in Throwing
  6150 | D:8      | Found a hazy altar of Hepliaklqana.
  6290 | D:8      | HP: 1/84 [killer bee (4)]
  6290 | D:8      | Slain by a killer bee

Illustrated notes

Levels and vault maps discovered:
D:1:      dpeg_arrival_court, layout_rooms, serial_shops, shop
D:2:      minmay_door_path, layout_loops_cross, basic_altar, corner_web_ring,
          serial_park_tiny_2, uniq_robin
D:3:      layout_loops_ring, nicolae_ru_the_path_less_chosen,
          mainiacjoe_overflow_cross_hatched, lemuel_crystal_altar, serial_shops,
          nicolae_shop_tiny_real_fake_doors, uniq_sigmund, uniq_natasha
D:4:      layout_cave_pools, trog_book, tgw_kikubaaqudgha
D:5:      cheibrodos_two_vegetables, layout_loops_corners, chei_slow_surprise,
          minmay_temple_entry_enclosed_plants, serial_shops, shop,
          nrook_mini_backslash, grunt_decor_mini_mirrors,
          chequers_serial_rivers_room_b, uniq_prince_ribbit1
D:6:      layout_basic, serial_shops, shop, enter_ossuary_1,
          nicolae_eternal_life, wad_floor_pattern_1, uniq_duvessa
D:7:      layout_basic, uniq_maggie
D:8:      layout_basic, mainiacjoe_overflow_six_doors_small
D:9:      layout_irregular_city, zin_academy, grunt_gozag_statues,
          minmay_misc_feat_encased, minmay_hedge_maze, uniq_psyche

Skill      XL: |  1  2  3  4  5  6  7  8  9 |
---------------+----------------------------+-----
Dodging        | 1 2 4 |  4.0
Throwing       | 2 3 5 6 8 9 |  9.8
Fighting       | 2 3 4 |  4.0
Invocations    | 1 5 |  5.0
Maces & Flails | 4 |  4.0
Short Blades   | |  1.5
Stealth        | |  2.1
Unarmed Combat | |  0.8

Action                     |  1- 3 |  4- 6 |  7- 9 || total
---------------------------+-------+-------+-------++-------
  Melee: Dagger            |    18 |       |       ||    18
         Staff             |    19 |       |       ||    19
         Mace              |    81 |    49 |   274 ||   404
  Throw: Dart              |    25 |    10 |     4 ||    39
         Large rock        |     9 |    19 |    25 ||    53
         Stone             |    15 |    11 |    15 ||    41
         Boomerang         |       |     5 |    47 ||    52
         Javelin           |       |       |    14 ||    14
    Use: Scroll            |       |       |     8 ||     8
         Potion            |       |       |     1 ||     1
   Stab: Sleeping          |       |     1 |     1 ||     2
         Paralysed         |       |       |    13 ||    13
 Armour: Robe              |   176 |    45 |   162 ||   383
         Acid dragon scale |       |       |   185 ||   185
  Dodge: Dodged            |   120 |    20 |   202 ||   342

Table legend: (Time is in decaauts)
 A = Elapsed time spent in this place.
 B = Non-inter-level travel time spent in this place.
 C = Inter-level travel time spent in this place.
 D = Time resting spent in this place.
 E = Time spent auto-exploring this place.
 F = Levels seen in this place.
 G = Mean time per level.
                   A        B        C        D        E       F      G
               +--------+--------+--------+--------+--------+-----+--------+
         Total |   6474 |   6223 |    251 |      0 |   4512 |   9 |  719.3 |
       Dungeon |   6474 |   6223 |    251 |      0 |   4512 |   9 |  719.3 |
               +--------+--------+--------+--------+--------+-----+--------+

Top non-repeatable levels by time:
     D:6: 1160 daAuts
     D:7: 925 daAuts
     D:5: 844 daAuts
     D:8: 780 daAuts
     D:3: 764 daAuts
     D:1: 722 daAuts
     D:2: 700 daAuts
     D:4: 543 daAuts
     D:9: 31 daAuts
